Bruins vs Blackhawks
Created - April 3, 2024 at 19:22
Goals
|
Bruins |
1 |
3 |
0 |
4 |
Blackhawks |
0 |
1 |
0 |
1 |
|
Shots
|
Bruins |
8 |
11 |
9 |
28 |
Blackhawks |
8 |
13 |
11 |
32 |
|
1st period
1. Bruins , Gabriel Landeskog 37 (Alexander Wennberg 16, Torey Krug 24) at 3:41 (PP)
Penalties :
Adrian Kempe (Chi) for Hooking (Minor) at 2:59, Adrian Kempe (Chi) for Hooking (Minor) at 5:39, Adam Pelech (Bos) for Hooking (Minor) at 12:16
2nd period
2. Bruins , Alexander Wennberg 10 (Brendan Smith 6) at 7:06 (PP)
3. Bruins , Zack Kassian 35 (Torey Krug 25, Alexander Wennberg 17) at 7:21
4. Bruins , Radek Faksa 5 (Brendan Smith 7) at 18:44
5. Blackhawks , William Karlsson 15 (Thomas Chabot 27, PK Subban 18) at 19:35
Penalties :
Jakob Silfverberg (Chi) for Charging (Minor) at 3:12, Corey Perry (Chi) for Close Hand On Puck (Minor) at 6:15
3rd period
No Goal
Penalties :
Joe Cannata (Chi) for Slashing (Minor) at 1:10 - Corey Perry served the penalty, Wojtek Wolski (Bos) for Tripping (Minor) at 12:29, Antoine Roussel (Chi) for Tripping (Minor) at 15:23
Goalie Stats
Kevin Poulin (Bos), 31 saves from 32 shots - (0.969), W, 34-20-6, 60:00 minutes
Ilya Samsonov (Chi), 14 saves from 18 shots - (0.778), L, 16-20-2, 38:44 minutes
Joe Cannata (Chi), 10 saves from 10 shots - (1.000), 21:16 minutes
Players Stats for Bruins
Player Name G A P +/- PIM S H SB GA TA FO MP PP MP PK MP
------------------------------------------------------------------------------------
Adam Pelech 0 0 0 0 2 0 1 1 0 0 0/0 12:54 0:00 0:00
Alexander Wennberg 1 2 3 1 0 4 0 0 0 0 11/26 19:41 4:03 0:15
Andreas Athanasiou 0 0 0 1 0 2 1 0 0 0 0/0 9:32 0:04 0:00
Brendan Smith 0 2 2 0 0 0 6 2 0 1 0/0 19:35 3:44 1:37
Casey Cizikas 0 0 0 -1 0 1 1 2 0 1 3/3 11:08 0:00 1:07
Craig Smith 0 0 0 -1 0 0 0 0 0 0 0/0 10:22 0:04 0:00
Eric Wellwood 0 0 0 -1 0 0 0 1 0 0 0/0 11:15 0:12 0:39
Gabriel Landeskog 1 0 1 1 0 3 0 0 0 1 1/4 21:36 4:03 2:10
Jason Demers 0 0 0 1 0 1 2 5 0 0 0/0 27:35 5:45 2:21
Jonathan Toews 0 0 0 0 0 3 1 0 1 0 7/15 18:06 5:22 1:03
Josh Manson 0 0 0 0 0 0 0 0 0 0 0/0 12:50 0:00 0:00
Madison Bowey 0 0 0 0 0 2 1 0 1 0 0/0 19:35 3:44 1:37
Mark Stone 0 0 0 0 0 0 0 2 0 0 0/0 15:36 3:55 0:00
Radek Faksa 1 0 1 1 0 1 0 0 0 0 1/4 9:11 0:00 0:00
Taylor Beck 0 0 0 1 0 1 1 0 0 0 0/0 9:11 0:00 0:00
Torey Krug 0 2 2 1 0 2 1 0 1 1 0/0 27:35 5:45 2:21
Wojtek Wolski 0 0 0 0 2 4 1 0 0 1 1/1 17:40 5:22 0:38
Zack Kassian 1 0 1 1 0 4 3 0 1 0 0/0 22:38 5:22 2:04
Players Stats for Blackhawks
Player Name G A P +/- PIM S H SB GA TA FO MP PP MP PK MP
------------------------------------------------------------------------------------
Adrian Kempe 0 0 0 0 4 2 1 0 0 0 0/0 17:49 2:05 1:59
Antoine Roussel 0 0 0 -1 2 5 2 2 1 0 2/3 19:09 1:53 3:03
Brett Maclean 0 0 0 0 0 1 0 0 0 0 0/0 8:40 0:00 0:10
Calvin de Haan 0 0 0 -1 0 1 0 1 0 0 0/0 15:46 0:00 3:13
Corey Perry 0 0 0 0 2 3 0 0 0 1 0/0 11:50 1:53 0:00
Derek Stepan 0 0 0 -1 0 4 2 0 0 0 15/25 17:43 2:05 0:32
Erik Haula 0 0 0 0 0 3 4 0 1 0 11/17 20:05 1:53 5:12
Jakob Chychrun 0 0 0 0 0 0 2 1 0 0 0/0 16:04 1:38 0:00
Jakob Silfverberg 0 0 0 0 2 3 2 0 1 0 0/1 16:09 2:05 0:00
James Wright 0 0 0 0 0 1 1 0 1 0 0/0 8:18 0:00 0:00
Mike Amadio 0 0 0 -1 0 2 0 2 0 1 0/1 19:25 0:00 5:12
Nick Bonino 0 0 0 0 0 1 3 0 0 0 0/2 8:18 0:00 0:00
Nikita Zaitsev 0 0 0 -1 0 0 0 3 0 1 0/0 17:02 0:00 6:16
PK Subban 0 1 1 0 0 2 1 2 1 0 0/0 29:15 2:20 6:16
Radko Gudas 0 0 0 0 0 0 2 1 0 0 0/0 21:16 1:38 3:13
Sean Bergenheim 0 0 0 0 0 1 2 0 0 0 0/0 10:01 0:00 0:00
Thomas Chabot 0 1 1 0 0 2 0 1 0 1 0/0 20:37 2:20 0:00
William Karlsson 1 0 1 0 0 1 2 0 0 0 1/4 12:59 0:00 2:50
3 Stars
1 - Alexander Wennberg (Bos)
2 - Kevin Poulin (Bos)
3 - Brendan Smith (Bos)
Power Play
Bruins - 2 on 6 Attempt(s) - 33.33%
Blackhawks - 0 on 2 Attempt(s) - 0.00%
Penalty Kill
Bruins - 2 on 2 Attempt(s) - 100.00%
- Score 0 goal in Penalty Kill
Blackhawks - 4 on 6 Attempt(s) - 66.67%
- Score 0 goal in Penalty Kill
Team Stat
Bruins - Hits : 19 - Faceoff Wins : 24 - Blocked Shots : 13 - Penalty Minutes : 4
Blackhawks - Hits : 24 - Faceoff Wins : 29 - Blocked Shots : 13 - Penalty Minutes : 12
Official
Referees : TJ Luxmore and Garrett Rank
Linesman : Ryan Galloway and Mark Shewchyk
Game Notes
Joe Cannata enters game at 18:44 of 2nd period
Finance
Level 1 -- Attendance: 6000 (100.00%) -- Ticket Income $600,000
Level 2 -- Attendance: 4882 (97.64%) -- Ticket Income $292,920
Level 3 -- Attendance: 2000 (100.00%) -- Ticket Income $70,000
Level 4 -- Attendance: 3988 (99.70%) -- Ticket Income $99,700
Luxury Box -- Attendance: 1000 (100.00%) -- Ticket Income $200,000
Game was played at the United Center.
Total Attendance: 17870 (99.28%)
Total Ticket Income: $1,262,620
Other Income: $189,393
Total Income: $1,452,013
Bruins
5 vs 5 Forward
Center Left Wing Right Wing Time % Phy DF OF
1 Alexander Wennberg Gabriel Landeskog Zack Kassian 40 0 2 3
2 Jonathan Toews Wojtek Wolski Mark Stone 32 0 2 3
3 Casey Cizikas Eric Wellwood Craig Smith 19 1 2 2
4 Radek Faksa Taylor Beck Andreas Athanasiou 9 1 2 2
5 vs 5 Defense
Defense Defense Time % Phy DF OF
1 Jason Demers Torey Krug 40 0 2 3
2 Madison Bowey Brendan Smith 30 1 2 2
3 Josh Manson Adam Pelech 20 1 2 2
4 Jason Demers Torey Krug 10 1 2 2
PowerPlay Forward
Center Left Wing Right Wing Time % Phy DF OF
1 Jonathan Toews Wojtek Wolski Zack Kassian 60 0 2 3
2 Alexander Wennberg Gabriel Landeskog Mark Stone 40 0 2 3
PowerPlay Defense
Defense Defense Time % Phy DF OF
1 Jason Demers Torey Krug 60 0 2 3
2 Madison Bowey Brendan Smith 40 0 2 3
Penalty Kill 4 Players Forward
Center Wing Time % Phy DF OF
1 Gabriel Landeskog Zack Kassian 60 1 2 2
2 Wojtek Wolski Jonathan Toews 40 1 2 2
Penalty Kill 4 Players Defense
Defense Defense Time % Phy DF OF
1 Jason Demers Torey Krug 60 1 2 2
2 Madison Bowey Brendan Smith 40 1 2 2
Penalty Kill - 3 Players Forward
Forward Time % Phy DF OF
1 Gabriel Landeskog 60 0 4 1
2 Zack Kassian 40 0 4 1
Penalty Kill - 3 Players Defense
Defense Defense Time % Phy DF OF
1 Jason Demers Torey Krug 60 1 3 1
2 Madison Bowey Brendan Smith 40 1 3 1
4 vs 4 Forward
Center Wing Time % Phy DF OF
1 Gabriel Landeskog Zack Kassian 60 1 3 1
2 Wojtek Wolski Jonathan Toews 40 1 3 1
4 vs 4 Defense
Defense Defense Time % Phy DF OF
1 Jason Demers Torey Krug 60 1 3 1
2 Madison Bowey Brendan Smith 40 1 3 1
Last Minutes Offensive
Center Left Wing Right Wing Defense Defense
Jonathan Toews Gabriel Landeskog Zack Kassian Jason Demers Torey Krug
Last Minutes Defensive
Center Left Wing Right Wing Defense Defense
Jonathan Toews Gabriel Landeskog Zack Kassian Jason Demers Torey Krug
Goaltenders
Starting : Kevin Poulin
Backup : Tuukka Rask
Extra Forwards
Normal : Eric Wellwood, Craig Smith, Casey Cizikas - PP : Eric Wellwood, Craig Smith - PK : Casey Cizikas
Extra Defensemen
Normal : Madison Bowey, Jason Demers, Torey Krug - PP : Josh Manson - PK : Adam Pelech, Madison Bowey
Penalty Shots
Gabriel Landeskog, Zack Kassian, Wojtek Wolski, Jonathan Toews, Alexander Wennberg
Custom OT Lines Forwards
Gabriel Landeskog, Zack Kassian, Wojtek Wolski, Jonathan Toews, Alexander Wennberg, Mark Stone, Eric Wellwood, Craig Smith, Casey Cizikas, Taylor Beck
Custom OT Lines Defensemen
Jason Demers, Torey Krug, Madison Bowey, Brendan Smith, Josh Manson
Scratches
None
Blackhawks
5 vs 5 Forward
Center Left Wing Right Wing Time % Phy DF OF
1 Derek Stepan Antoine Roussel Mike Amadio 40 1 2 2
2 Erik Haula Adrian Kempe Jakob Silfverberg 30 1 2 2
3 William Karlsson Sean Bergenheim Corey Perry 20 1 2 2
4 Nick Bonino Brett Maclean James Wright 10 1 2 2
5 vs 5 Defense
Defense Defense Time % Phy DF OF
1 PK Subban Thomas Chabot 40 1 2 2
2 Radko Gudas Jakob Chychrun 30 1 2 2
3 Nikita Zaitsev Calvin de Haan 20 1 2 2
4 PK Subban Radko Gudas 10 1 2 2
PowerPlay Forward
Center Left Wing Right Wing Time % Phy DF OF
1 Derek Stepan Adrian Kempe Jakob Silfverberg 60 1 2 2
2 Erik Haula Antoine Roussel Corey Perry 40 1 2 2
PowerPlay Defense
Defense Defense Time % Phy DF OF
1 PK Subban Thomas Chabot 60 1 2 2
2 Radko Gudas Jakob Chychrun 40 1 2 2
Penalty Kill 4 Players Forward
Center Wing Time % Phy DF OF
1 Erik Haula Mike Amadio 60 1 2 2
2 William Karlsson Antoine Roussel 40 1 2 2
Penalty Kill 4 Players Defense
Defense Defense Time % Phy DF OF
1 PK Subban Nikita Zaitsev 60 1 2 2
2 Calvin de Haan Radko Gudas 40 1 2 2
Penalty Kill - 3 Players Forward
Forward Time % Phy DF OF
1 Erik Haula 60 1 2 2
2 Mike Amadio 40 1 2 2
Penalty Kill - 3 Players Defense
Defense Defense Time % Phy DF OF
1 PK Subban Nikita Zaitsev 60 1 2 2
2 Calvin de Haan Radko Gudas 40 1 2 2
4 vs 4 Forward
Center Wing Time % Phy DF OF
1 Jakob Silfverberg Antoine Roussel 60 1 2 2
2 Derek Stepan Erik Haula 40 1 2 2
4 vs 4 Defense
Defense Defense Time % Phy DF OF
1 PK Subban Nikita Zaitsev 60 1 2 2
2 Calvin de Haan Radko Gudas 40 1 2 2
Last Minutes Offensive
Center Left Wing Right Wing Defense Defense
Derek Stepan Antoine Roussel Jakob Silfverberg PK Subban Nikita Zaitsev
Last Minutes Defensive
Center Left Wing Right Wing Defense Defense
Derek Stepan Antoine Roussel Jakob Silfverberg PK Subban Nikita Zaitsev
Goaltenders
Starting : Ilya Samsonov
Backup : Joe Cannata
Extra Forwards
Normal : James Wright, William Karlsson, Adrian Kempe - PP : James Wright, William Karlsson - PK : Adrian Kempe
Extra Defensemen
Normal : Thomas Chabot, Jakob Chychrun, Radko Gudas - PP : Thomas Chabot - PK : Radko Gudas, Calvin de Haan
Penalty Shots
Jakob Silfverberg, Antoine Roussel, Derek Stepan, Erik Haula, Sean Bergenheim
Custom OT Lines Forwards
Jakob Silfverberg, Antoine Roussel, Derek Stepan, Erik Haula, Sean Bergenheim, Corey Perry, William Karlsson, Adrian Kempe, Mike Amadio, Nick Bonino
Custom OT Lines Defensemen
PK Subban, Nikita Zaitsev, Calvin de Haan, Radko Gudas, Thomas Chabot
Scratches
Robert Hagg (Healthy), Stefan Matteau (Healthy)
% Time on Ice - Bruins
Lines # - Real PCT - Wanted PCT - Time Play
Normal Forward
1 - 33% - 40% - 15:29
2 - 25% - 32% - 11:52
3 - 22% - 19% - 10:01
4 - 20% - 9% - 9:11
Normal Defense
1 - 40% - 40% - 18:34
2 - 31% - 30% - 14:14
3 - 28% - 20% - 12:50
4 - 2% - 10% - 0:55
PP Forward
1 - 57% - 60% - 5:26
2 - 43% - 40% - 4:03
PP Defense
1 - 61% - 60% - 5:45
2 - 39% - 40% - 3:44
PK Forward
1 - 74% - 60% - 2:55
2 - 26% - 40% - 1:03
PK Defense
1 - 59% - 60% - 2:21
2 - 41% - 40% - 1:37
PK3 Forward
1 - 0% - 60%
2 - 0% - 40%
PK3 Defense
1 - 0% - 60%
2 - 0% - 40%
44 Forward
1 - 0% - 60%
2 - 0% - 40%
44 Defense
1 - 0% - 60%
2 - 0% - 40%
Last Minute Offensive - 0:00
Last Minute Defensive - 0:00
Total
Forward - 60:00
Defense - 60:00
|
% Time on Ice - Blackhawks
Lines # - Real PCT - Wanted PCT - Time Play
Normal Forward
1 - 33% - 40% - 15:27
2 - 27% - 30% - 12:47
3 - 22% - 20% - 10:01
4 - 18% - 10% - 8:18
Normal Defense
1 - 42% - 40% - 19:29
2 - 33% - 30% - 15:22
3 - 21% - 20% - 10:00
4 - 4% - 10% - 1:42
PP Forward
1 - 53% - 60% - 2:05
2 - 47% - 40% - 1:53
PP Defense
1 - 59% - 60% - 2:20
2 - 41% - 40% - 1:38
PK Forward
1 - 70% - 60% - 6:39
2 - 30% - 40% - 2:50
PK Defense
1 - 66% - 60% - 6:16
2 - 34% - 40% - 3:13
PK3 Forward
1 - 0% - 60%
2 - 0% - 40%
PK3 Defense
1 - 0% - 60%
2 - 0% - 40%
44 Forward
1 - 0% - 60%
2 - 0% - 40%
44 Defense
1 - 0% - 60%
2 - 0% - 40%
Last Minute Offensive - 0:00
Last Minute Defensive - 0:00
Total
Forward - 60:00
Defense - 60:00
|
Play-by-Play
1st period
0:01 of 1st period - Alexander Wennberg wins face-off versus Derek Stepan in neutral zone.
0:26 of 1st period - Jonathan Toews is hit by Erik Haula and loses puck.
0:31 of 1st period - Wrist shot by Adrian Kempe.
0:31 of 1st period - Stopped by Kevin Poulin with a rebound.
1:08 of 1st period - Radko Gudas is hit by Brendan Smith.
1:39 of 1st period - Wrist shot by Antoine Roussel.
1:39 of 1st period - Shot Blocked by Adam Pelech.
1:46 of 1st period - Icing by Adam Pelech.
1:47 of 1st period - Erik Haula wins face-off versus Jonathan Toews in Bruins zone.
2:04 of 1st period - Wrist shot by Jakob Silfverberg.
2:04 of 1st period - Stopped by Kevin Poulin without a rebound.
2:05 of 1st period - Derek Stepan wins face-off versus Alexander Wennberg in Bruins zone.
2:08 of 1st period - Snap shot by Antoine Roussel.
2:08 of 1st period - Stopped by Kevin Poulin without a rebound.
2:09 of 1st period - Derek Stepan wins face-off versus Alexander Wennberg in Bruins zone.
2:20 of 1st period - Radko Gudas is hit by Zack Kassian.
2:24 of 1st period - Radko Gudas is hit by Zack Kassian and loses puck.
2:35 of 1st period - Jason Demers is hit by William Karlsson.
2:43 of 1st period - Snap shot by Corey Perry.
2:43 of 1st period - Stopped by Kevin Poulin with a rebound.
2:45 of 1st period - Slapshot by Radko Gudas.
2:45 of 1st period - Shot Blocked by Jason Demers.
2:47 of 1st period - Snap shot by Radko Gudas.
2:47 of 1st period - Shot Blocked by Eric Wellwood.
2:54 of 1st period - Icing by Craig Smith.
2:55 of 1st period - Casey Cizikas wins face-off versus Erik Haula in Bruins zone.
2:59 of 1st period - Minor Penalty to Adrian Kempe for Hooking.
3:00 of 1st period - Erik Haula wins face-off versus Jonathan Toews in Blackhawks zone.
3:41 of 1st period - Snap shot by Gabriel Landeskog.
3:41 of 1st period - Goal by Gabriel Landeskog - Bruins : 1 - Blackhawks : 0.
3:42 of 1st period - Derek Stepan wins face-off versus Alexander Wennberg in neutral zone.
3:45 of 1st period - Snap shot by Antoine Roussel.
3:45 of 1st period - Stopped by Kevin Poulin with a rebound.
5:39 of 1st period - Minor Penalty to Adrian Kempe for Hooking.
5:40 of 1st period - Wojtek Wolski wins face-off versus Erik Haula in Blackhawks zone.
5:42 of 1st period - Wrist shot by Wojtek Wolski.
5:42 of 1st period - Stopped by Ilya Samsonov without a rebound.
5:43 of 1st period - Erik Haula wins face-off versus Jonathan Toews in Blackhawks zone.
6:28 of 1st period - Wrist shot by Zack Kassian.
6:28 of 1st period - Deflect By Jonathan Toews.
6:28 of 1st period - Deflect By Nikita Zaitsev.
6:28 of 1st period - Shot Blocked by Antoine Roussel.
6:28 of 1st period - Puck is out of play.
6:29 of 1st period - Alexander Wennberg wins face-off versus William Karlsson in Blackhawks zone.
6:30 of 1st period - Snap shot by Gabriel Landeskog.
6:30 of 1st period - Shot Misses the Net.
6:32 of 1st period - Backhand shot by Madison Bowey.
6:32 of 1st period - Stopped by Ilya Samsonov without a rebound.
6:33 of 1st period - Alexander Wennberg wins face-off versus William Karlsson in Blackhawks zone.
6:36 of 1st period - Snap shot by Alexander Wennberg.
6:36 of 1st period - Shot Misses the Net.
6:38 of 1st period - Slapshot by Madison Bowey.
6:38 of 1st period - Shot Blocked by Antoine Roussel.
6:42 of 1st period - Snap shot by Gabriel Landeskog.
6:42 of 1st period - Shot Misses the Net.
6:44 of 1st period - Slapshot by Brendan Smith.
6:44 of 1st period - Deflect By Alexander Wennberg.
6:44 of 1st period - Stopped by Ilya Samsonov with a rebound.
6:46 of 1st period - Snap shot by Gabriel Landeskog.
6:46 of 1st period - Stopped by Ilya Samsonov without a rebound.
6:47 of 1st period - Jonathan Toews wins face-off versus Erik Haula in Blackhawks zone.
6:54 of 1st period - Snap shot by Zack Kassian.
6:54 of 1st period - Stopped by Ilya Samsonov with a rebound.
6:56 of 1st period - Slapshot by Torey Krug.
6:56 of 1st period - Shot Misses the Net.
6:58 of 1st period - Wrist shot by Wojtek Wolski.
6:58 of 1st period - Deflect By Zack Kassian.
6:58 of 1st period - Shot Blocked by Nikita Zaitsev.
6:58 of 1st period - Puck is out of play.
6:59 of 1st period - Erik Haula wins face-off versus Jonathan Toews in Blackhawks zone.
7:18 of 1st period - Nikita Zaitsev is hit by Brendan Smith and loses puck.
7:39 of 1st period - Penalty to Adrian Kempe is over, Adrian Kempe is back on ice.
7:39 of 1st period - Wrist shot by Alexander Wennberg.
7:39 of 1st period - Stopped by Ilya Samsonov with a rebound.
7:55 of 1st period - Snap shot by Nick Bonino.
7:55 of 1st period - Stopped by Kevin Poulin without a rebound.
7:56 of 1st period - Alexander Wennberg wins face-off versus Derek Stepan in Bruins zone.
9:09 of 1st period - Wrist shot by Corey Perry.
9:09 of 1st period - Stopped by Kevin Poulin with a rebound.
10:11 of 1st period - Wrist shot by Casey Cizikas.
10:11 of 1st period - Stopped by Ilya Samsonov with a rebound.
10:13 of 1st period - Slapshot by Jason Demers.
10:13 of 1st period - Shot Misses the Net.
10:15 of 1st period - Snap shot by Torey Krug.
10:15 of 1st period - Shot Blocked by Radko Gudas.
10:58 of 1st period - Radek Faksa is hit by Nick Bonino and loses puck.
11:36 of 1st period - Erik Haula is hit by Brendan Smith and loses puck.
12:16 of 1st period - Minor Penalty to Adam Pelech for Hooking.
12:17 of 1st period - Derek Stepan wins face-off versus Gabriel Landeskog in Bruins zone.
12:48 of 1st period - Zack Kassian is hit by PK Subban and loses puck.
12:53 of 1st period - Wrist shot by Antoine Roussel.
12:53 of 1st period - Stopped by Kevin Poulin with a rebound.
12:55 of 1st period - Wrist shot by Erik Haula.
12:55 of 1st period - Shot Misses the Net.
14:11 of 1st period - Radko Gudas is hit by Torey Krug and loses puck.
14:16 of 1st period - Penalty to Adam Pelech is over, Adam Pelech is back on ice.
14:48 of 1st period - Wrist shot by William Karlsson.
14:48 of 1st period - Shot Misses the Net.
15:21 of 1st period - Andreas Athanasiou is hit by Sean Bergenheim.
17:07 of 1st period - Snap shot by Alexander Wennberg.
17:07 of 1st period - Shot Misses the Net.
17:40 of 1st period - Casey Cizikas is hit by Jakob Chychrun and loses puck.
17:55 of 1st period - Casey Cizikas is hit by Antoine Roussel and loses puck.
18:15 of 1st period - Zack Kassian is hit by Erik Haula and loses puck.
18:31 of 1st period - Brendan Smith is hit by Sean Bergenheim and loses puck.
18:38 of 1st period - William Karlsson is hit by Jonathan Toews and loses puck.
18:56 of 1st period - Jakob Chychrun is hit by Andreas Athanasiou and loses puck.
19:15 of 1st period - Slapshot by PK Subban.
19:15 of 1st period - Shot Misses the Net.
19:17 of 1st period - Snap shot by Antoine Roussel.
19:17 of 1st period - Shot Misses the Net.
19:37 of 1st period - Brendan Smith is hit by Erik Haula.
Goals for this period are 1 for Bruins vs 0 for Blackhawks.
Shots for this period are 8 for Bruins vs 8 for Blackhawks.
2nd period
0:01 of 2nd period - Alexander Wennberg wins face-off versus Mike Amadio in neutral zone.
0:47 of 2nd period - Backhand shot by Nick Bonino.
0:47 of 2nd period - Shot Blocked by Casey Cizikas.
0:53 of 2nd period - Brett Maclean is hit by Casey Cizikas and loses puck.
1:02 of 2nd period - Casey Cizikas is hit by James Wright and loses puck.
1:29 of 2nd period - Adam Pelech is hit by Radko Gudas and loses puck.
1:43 of 2nd period - Wrist shot by Zack Kassian.
1:43 of 2nd period - Stopped by Ilya Samsonov with a rebound.
2:03 of 2nd period - Snap shot by Gabriel Landeskog.
2:03 of 2nd period - Stopped by Ilya Samsonov with a rebound.
2:18 of 2nd period - Off-side.
2:19 of 2nd period - Jonathan Toews wins face-off versus Derek Stepan in neutral zone.
2:22 of 2nd period - Slapshot by Torey Krug.
2:22 of 2nd period - Stopped by Ilya Samsonov without a rebound.
2:23 of 2nd period - Jonathan Toews wins face-off versus Derek Stepan in Blackhawks zone.
2:26 of 2nd period - Wrist shot by Jonathan Toews.
2:26 of 2nd period - Shot Blocked by Mike Amadio.
2:52 of 2nd period - Wrist shot by Taylor Beck.
2:52 of 2nd period - Stopped by Ilya Samsonov without a rebound.
2:53 of 2nd period - Erik Haula wins face-off versus Radek Faksa in Blackhawks zone.
2:53 of 2nd period - Erik Haula is hit by Brendan Smith.
3:12 of 2nd period - Minor Penalty to Jakob Silfverberg for Charging.
3:13 of 2nd period - Erik Haula wins face-off versus Jonathan Toews in Blackhawks zone.
5:12 of 2nd period - Penalty to Jakob Silfverberg is over, Jakob Silfverberg is back on ice.
5:20 of 2nd period - Radko Gudas is hit by Madison Bowey and loses puck.
5:55 of 2nd period - Snap shot by Nick Bonino.
5:55 of 2nd period - Shot Misses the Net.
6:15 of 2nd period - Minor Penalty to Corey Perry for Close Hand On Puck.
6:16 of 2nd period - Erik Haula wins face-off versus Jonathan Toews in Blackhawks zone.
6:16 of 2nd period - Erik Haula is hit by Wojtek Wolski.
6:30 of 2nd period - Slapshot by Torey Krug.
6:30 of 2nd period - Stopped by Ilya Samsonov without a rebound.
6:31 of 2nd period - Jonathan Toews wins face-off versus Erik Haula in Blackhawks zone.
6:38 of 2nd period - Slapshot by Wojtek Wolski.
6:38 of 2nd period - Stopped by Ilya Samsonov with a rebound.
6:40 of 2nd period - Slapshot by Jonathan Toews.
6:40 of 2nd period - Shot Misses the Net.
6:42 of 2nd period - Wrist shot by Torey Krug.
6:42 of 2nd period - Shot Blocked by Mike Amadio.
6:44 of 2nd period - Slapshot by Torey Krug.
6:44 of 2nd period - Shot Blocked by PK Subban.
6:46 of 2nd period - Snap shot by Jonathan Toews.
6:46 of 2nd period - Shot Misses the Net.
7:01 of 2nd period - Nikita Zaitsev is hit by Brendan Smith and loses puck.
7:06 of 2nd period - Wrist shot by Alexander Wennberg.
7:06 of 2nd period - Goal by Alexander Wennberg - Bruins : 2 - Blackhawks : 0.
7:07 of 2nd period - Derek Stepan wins face-off versus Alexander Wennberg in neutral zone.
7:12 of 2nd period - Slapshot by Antoine Roussel.
7:12 of 2nd period - Stopped by Kevin Poulin without a rebound.
7:13 of 2nd period - Alexander Wennberg wins face-off versus Derek Stepan in Bruins zone.
7:13 of 2nd period - Alexander Wennberg is hit by Antoine Roussel.
7:21 of 2nd period - Slapshot by Zack Kassian.
7:21 of 2nd period - Goal by Zack Kassian - Bruins : 3 - Blackhawks : 0.
7:22 of 2nd period - Alexander Wennberg wins face-off versus Derek Stepan in neutral zone.
7:46 of 2nd period - Icing by PK Subban.
7:47 of 2nd period - Jonathan Toews wins face-off versus Derek Stepan in Blackhawks zone.
8:14 of 2nd period - Slapshot by Thomas Chabot.
8:14 of 2nd period - Stopped by Kevin Poulin without a rebound.
8:15 of 2nd period - Erik Haula wins face-off versus Alexander Wennberg in Bruins zone.
8:16 of 2nd period - Snap shot by Jakob Silfverberg.
8:16 of 2nd period - Shot Misses the Net.
8:42 of 2nd period - Erik Haula is hit by Taylor Beck and loses puck.
8:49 of 2nd period - Slapshot by Madison Bowey.
8:49 of 2nd period - Stopped by Ilya Samsonov with a rebound.
8:51 of 2nd period - Snap shot by Radek Faksa.
8:51 of 2nd period - Deflect By Taylor Beck.
8:51 of 2nd period - Shot Blocked by Nikita Zaitsev.
8:51 of 2nd period - Puck is out of play.
8:52 of 2nd period - Derek Stepan wins face-off versus Jonathan Toews in Blackhawks zone.
9:25 of 2nd period - Snap shot by Sean Bergenheim.
9:25 of 2nd period - Shot Misses the Net.
10:25 of 2nd period - Alexander Wennberg is hit by Derek Stepan and loses puck.
10:46 of 2nd period - Snap shot by Jason Demers.
10:46 of 2nd period - Shot Blocked by Nikita Zaitsev.
11:15 of 2nd period - Slapshot by Brett Maclean.
11:15 of 2nd period - Shot Misses the Net.
11:17 of 2nd period - Snap shot by Brett Maclean.
11:17 of 2nd period - Stopped by Kevin Poulin without a rebound.
11:18 of 2nd period - Alexander Wennberg wins face-off versus Derek Stepan in Bruins zone.
11:18 of 2nd period - Alexander Wennberg is hit by Derek Stepan.
11:45 of 2nd period - Snap shot by Corey Perry.
11:45 of 2nd period - Stopped by Kevin Poulin with a rebound.
12:37 of 2nd period - Snap shot by Mike Amadio.
12:37 of 2nd period - Stopped by Kevin Poulin with a rebound.
12:39 of 2nd period - Snap shot by Mike Amadio.
12:39 of 2nd period - Deflect By Derek Stepan.
12:39 of 2nd period - Stopped by Kevin Poulin without a rebound.
12:40 of 2nd period - Derek Stepan wins face-off versus Radek Faksa in Bruins zone.
13:07 of 2nd period - Erik Haula is hit by Brendan Smith and loses puck.
13:52 of 2nd period - Adam Pelech is hit by Radko Gudas and loses puck.
14:20 of 2nd period - Wrist shot by Mike Amadio.
14:20 of 2nd period - Stopped by Kevin Poulin with a rebound.
14:26 of 2nd period - Wrist shot by Derek Stepan.
14:26 of 2nd period - Shot Misses the Net.
15:04 of 2nd period - Icing by Brendan Smith.
15:05 of 2nd period - Derek Stepan wins face-off versus Alexander Wennberg in Bruins zone.
15:08 of 2nd period - Wrist shot by Antoine Roussel.
15:08 of 2nd period - Stopped by Kevin Poulin with a rebound.
15:10 of 2nd period - Slapshot by Antoine Roussel.
15:10 of 2nd period - Shot Misses the Net.
15:12 of 2nd period - Snap shot by Nikita Zaitsev.
15:12 of 2nd period - Shot Blocked by Brendan Smith.
15:39 of 2nd period - Backhand shot by Madison Bowey.
15:39 of 2nd period - Deflect By Jonathan Toews.
15:39 of 2nd period - Deflect By Jakob Silfverberg.
15:39 of 2nd period - Shot Misses the Net.
15:39 of 2nd period - Puck is out of play.
15:40 of 2nd period - Erik Haula wins face-off versus Jonathan Toews in Blackhawks zone.
15:40 of 2nd period - Erik Haula is hit by Jason Demers.
15:46 of 2nd period - Jonathan Toews is hit by Erik Haula and loses puck.
15:53 of 2nd period - Backhand shot by Jonathan Toews.
15:53 of 2nd period - Shot Blocked by Thomas Chabot.
15:55 of 2nd period - Snap shot by Mark Stone.
15:55 of 2nd period - Deflect By Wojtek Wolski.
15:55 of 2nd period - Shot Misses the Net.
15:55 of 2nd period - Puck is out of play.
15:56 of 2nd period - Antoine Roussel wins face-off versus Alexander Wennberg in Blackhawks zone.
15:56 of 2nd period - Antoine Roussel is hit by Zack Kassian.
17:04 of 2nd period - Backhand shot by Adrian Kempe.
17:04 of 2nd period - Stopped by Kevin Poulin with a rebound.
17:06 of 2nd period - Wrist shot by Erik Haula.
17:06 of 2nd period - Stopped by Kevin Poulin with a rebound.
17:20 of 2nd period - Snap shot by Craig Smith.
17:20 of 2nd period - Shot Misses the Net.
17:36 of 2nd period - Snap shot by Craig Smith.
17:36 of 2nd period - Shot Blocked by PK Subban.
17:44 of 2nd period - Snap shot by Adrian Kempe.
17:44 of 2nd period - Shot Blocked by Casey Cizikas.
17:46 of 2nd period - Slapshot by Erik Haula.
17:46 of 2nd period - Stopped by Kevin Poulin without a rebound.
17:47 of 2nd period - Derek Stepan wins face-off versus Alexander Wennberg in Bruins zone.
17:50 of 2nd period - Wrist shot by Derek Stepan.
17:50 of 2nd period - Stopped by Kevin Poulin without a rebound.
17:51 of 2nd period - Derek Stepan wins face-off versus Alexander Wennberg in Bruins zone.
18:02 of 2nd period - Slapshot by Derek Stepan.
18:02 of 2nd period - Shot Blocked by Jason Demers.
18:28 of 2nd period - Slapshot by Sean Bergenheim.
18:28 of 2nd period - Shot Blocked by Mark Stone.
18:44 of 2nd period - Wrist shot by Radek Faksa.
18:44 of 2nd period - Goal by Radek Faksa - Bruins : 4 - Blackhawks : 0.
18:44 of 2nd period - Joe Cannata enters game.
18:45 of 2nd period - Antoine Roussel wins face-off versus Alexander Wennberg in neutral zone.
18:56 of 2nd period - Snap shot by Derek Stepan.
18:56 of 2nd period - Shot Misses the Net.
19:00 of 2nd period - Snap shot by Derek Stepan.
19:00 of 2nd period - Shot Misses the Net.
19:02 of 2nd period - Snap shot by Antoine Roussel.
19:02 of 2nd period - Shot Misses the Net.
19:21 of 2nd period - Snap shot by Jonathan Toews.
19:21 of 2nd period - Shot Misses the Net.
19:33 of 2nd period - Snap shot by Thomas Chabot.
19:33 of 2nd period - Shot Blocked by Brendan Smith.
19:35 of 2nd period - Wrist shot by William Karlsson.
19:35 of 2nd period - Goal by William Karlsson - Bruins : 4 - Blackhawks : 1.
19:36 of 2nd period - Derek Stepan wins face-off versus Alexander Wennberg in neutral zone.
19:47 of 2nd period - Snap shot by Zack Kassian.
19:47 of 2nd period - Stopped by Joe Cannata with a rebound.
Goals for this period are 3 for Bruins vs 1 for Blackhawks.
Shots for this period are 11 for Bruins vs 13 for Blackhawks.
3rd period
0:01 of 3rd period - Derek Stepan wins face-off versus Alexander Wennberg in neutral zone.
0:06 of 3rd period - Snap shot by Derek Stepan.
0:06 of 3rd period - Stopped by Kevin Poulin with a rebound.
0:47 of 3rd period - Jason Demers is hit by Jakob Chychrun and loses puck.
1:10 of 3rd period - Backhand shot by Wojtek Wolski.
1:10 of 3rd period - Stopped by Joe Cannata without a rebound.
1:10 of 3rd period - Minor Penalty to Joe Cannata for Slashing.
1:11 of 3rd period - Erik Haula wins face-off versus Alexander Wennberg in Blackhawks zone.
1:38 of 3rd period - Wrist shot by Jonathan Toews.
1:38 of 3rd period - Shot Misses the Net.
3:10 of 3rd period - Penalty to Corey Perry is over, Corey Perry is back on ice.
3:22 of 3rd period - Wrist shot by Derek Stepan.
3:22 of 3rd period - Stopped by Kevin Poulin with a rebound.
3:24 of 3rd period - Snap shot by Derek Stepan.
3:24 of 3rd period - Shot Misses the Net.
3:46 of 3rd period - Snap shot by Derek Stepan.
3:46 of 3rd period - Shot Blocked by Jason Demers.
3:48 of 3rd period - Wrist shot by Derek Stepan.
3:48 of 3rd period - Shot Misses the Net.
4:08 of 3rd period - Snap shot by Corey Perry.
4:08 of 3rd period - Shot Misses the Net.
4:10 of 3rd period - Slapshot by Calvin de Haan.
4:10 of 3rd period - Stopped by Kevin Poulin without a rebound.
4:11 of 3rd period - Casey Cizikas wins face-off versus Nick Bonino in Bruins zone.
5:12 of 3rd period - Snap shot by Sean Bergenheim.
5:12 of 3rd period - Stopped by Kevin Poulin with a rebound.
5:18 of 3rd period - Brendan Smith is hit by William Karlsson and loses puck.
5:27 of 3rd period - Slapshot by Jakob Silfverberg.
5:27 of 3rd period - Stopped by Kevin Poulin without a rebound.
5:28 of 3rd period - Alexander Wennberg wins face-off versus Antoine Roussel in Bruins zone.
5:55 of 3rd period - Mark Stone is hit by Nick Bonino and loses puck.
7:14 of 3rd period - Torey Krug is hit by Nick Bonino and loses puck.
7:33 of 3rd period - Calvin de Haan is hit by Jason Demers and loses puck.
7:55 of 3rd period - Wrist shot by Sean Bergenheim.
7:55 of 3rd period - Shot Blocked by Jason Demers.
7:57 of 3rd period - Slapshot by PK Subban.
7:57 of 3rd period - Stopped by Kevin Poulin with a rebound.
8:14 of 3rd period - Zack Kassian is hit by Jakob Silfverberg and loses puck.
8:29 of 3rd period - Slapshot by Andreas Athanasiou.
8:29 of 3rd period - Stopped by Joe Cannata without a rebound.
8:30 of 3rd period - Radek Faksa wins face-off versus Nick Bonino in Blackhawks zone.
9:19 of 3rd period - Slapshot by Taylor Beck.
9:19 of 3rd period - Shot Blocked by Jakob Chychrun.
9:47 of 3rd period - Radko Gudas is hit by Adam Pelech and loses puck.
10:11 of 3rd period - Snap shot by James Wright.
10:11 of 3rd period - Stopped by Kevin Poulin without a rebound.
10:12 of 3rd period - Alexander Wennberg wins face-off versus Derek Stepan in Bruins zone.
10:45 of 3rd period - Slapshot by Jakob Silfverberg.
10:45 of 3rd period - Stopped by Kevin Poulin with a rebound.
10:47 of 3rd period - Snap shot by Erik Haula.
10:47 of 3rd period - Shot Blocked by Mark Stone.
11:24 of 3rd period - Wrist shot by Jonathan Toews.
11:24 of 3rd period - Stopped by Joe Cannata with a rebound.
11:26 of 3rd period - Snap shot by Jonathan Toews.
11:26 of 3rd period - Stopped by Joe Cannata with a rebound.
11:28 of 3rd period - Slapshot by Jason Demers.
11:28 of 3rd period - Stopped by Joe Cannata without a rebound.
11:29 of 3rd period - Alexander Wennberg wins face-off versus Derek Stepan in Blackhawks zone.
12:29 of 3rd period - Minor Penalty to Wojtek Wolski for Tripping.
12:30 of 3rd period - Gabriel Landeskog wins face-off versus Jakob Silfverberg in Bruins zone.
13:03 of 3rd period - Wrist shot by Erik Haula.
13:03 of 3rd period - Stopped by Kevin Poulin with a rebound.
13:05 of 3rd period - Wrist shot by Radko Gudas.
13:05 of 3rd period - Deflect By Antoine Roussel.
13:05 of 3rd period - Shot Blocked by Jason Demers.
13:05 of 3rd period - Puck is out of play.
13:06 of 3rd period - Derek Stepan wins face-off versus Gabriel Landeskog in Bruins zone.
14:29 of 3rd period - Penalty to Wojtek Wolski is over, Wojtek Wolski is back on ice.
14:59 of 3rd period - Slapshot by Taylor Beck.
14:59 of 3rd period - Shot Misses the Net.
15:23 of 3rd period - Minor Penalty to Antoine Roussel for Tripping.
15:24 of 3rd period - Jonathan Toews wins face-off versus Erik Haula in Blackhawks zone.
15:25 of 3rd period - Snap shot by Zack Kassian.
15:25 of 3rd period - Deflect By Jonathan Toews.
15:25 of 3rd period - Stopped by Joe Cannata with a rebound.
17:23 of 3rd period - Penalty to Antoine Roussel is over, Antoine Roussel is back on ice.
17:32 of 3rd period - Wrist shot by Andreas Athanasiou.
17:32 of 3rd period - Shot Blocked by Calvin de Haan.
17:34 of 3rd period - Wrist shot by Taylor Beck.
17:34 of 3rd period - Deflect By Andreas Athanasiou.
17:34 of 3rd period - Stopped by Joe Cannata without a rebound.
17:35 of 3rd period - William Karlsson wins face-off versus Radek Faksa in Blackhawks zone.
17:42 of 3rd period - Snap shot by Thomas Chabot.
17:42 of 3rd period - Stopped by Kevin Poulin without a rebound.
17:43 of 3rd period - Casey Cizikas wins face-off versus William Karlsson in Bruins zone.
17:56 of 3rd period - Wrist shot by Craig Smith.
17:56 of 3rd period - Deflect By Casey Cizikas.
17:56 of 3rd period - Shot Misses the Net.
17:56 of 3rd period - Puck is out of play.
17:57 of 3rd period - Derek Stepan wins face-off versus Gabriel Landeskog in Blackhawks zone.
18:10 of 3rd period - Slapshot by Thomas Chabot.
18:10 of 3rd period - Shot Misses the Net.
18:12 of 3rd period - Slapshot by PK Subban.
18:12 of 3rd period - Stopped by Kevin Poulin without a rebound.
18:13 of 3rd period - Jonathan Toews wins face-off versus Erik Haula in Bruins zone.
18:13 of 3rd period - Jonathan Toews is hit by Jakob Silfverberg.
18:23 of 3rd period - Snap shot by Wojtek Wolski.
18:23 of 3rd period - Stopped by Joe Cannata without a rebound.
18:24 of 3rd period - Derek Stepan wins face-off versus Alexander Wennberg in Blackhawks zone.
18:38 of 3rd period - Icing by Torey Krug.
18:39 of 3rd period - Erik Haula wins face-off versus Alexander Wennberg in Bruins zone.
19:12 of 3rd period - Jason Demers is hit by Adrian Kempe and loses puck.
19:59 of 3rd period - Snap shot by Alexander Wennberg.
19:59 of 3rd period - Stopped by Joe Cannata without a rebound.
Goals for this period are 0 for Bruins vs 0 for Blackhawks.
Shots for this period are 9 for Bruins vs 11 for Blackhawks.